 Dungeon Crawl Stone Soup version 0.25-a0-1130-g3926558f3a (webtiles) character file.

Game seed: 119950916037743729, levelgen mode: deterministic

3421 Flugslaktarn the Cleaver (level 9, -2/81 HPs)
             Began as a Minotaur Fighter on May 19, 2020.
             Was a Priest of Okawaru.
             Slain by an orc warrior
             ... wielding a +0 trident
              (8 damage)
             ... in a bailey.
             The game lasted 00:04:25 (6757 turns).

Flugslaktarn the Cleaver (Minotaur Fighter)         Turns: 6757, Time: 00:04:25

Health: -2/81      AC: 21    Str: 25    XL:     9   Next: 76%
Magic:  9/11       EV: 12    Int:  5    God:    Okawaru [***...]
Gold:   395        SH: 15    Dex: 25    Spells: 8/8 levels left

rFire    . . .     SeeInvis .   G - +1 war axe (elec)
rCold    . . .     Gourm    .   c - +0 kite shield
rNeg     . . .     Faith    .   A - +6 chain mail of the Burgomaster {Str+4 Dex+6}
rPois    .         Spirit   .   (helmet restricted)
rElec    .         Reflect  .   B - +0 cloak
rCorr    .         Harm     .   i - +0 pair of gloves
MR       .....                  (no boots)
Stlth    ..........             (no amulet)
HPRegen  0.23/turn              (no ring)
MPRegen  0.12/turn              K - +6 ring of dexterity

@: heroism
A: retaliatory headbutt, horns 2
a: Heroism, Renounce Religion


You were in a bailey.
You worshipped Okawaru.
Okawaru was most pleased with you.
You were not hungry.

You visited 2 branches of the dungeon, and saw 8 of its levels.
You also visited: Bailey.

You collected 395 gold pieces.

Inventory:

Hand Weapons
 l - a +0 vampiric hand axe
   (You found it on level 2 of the Dungeon)
 G - a +1 war axe of electrocution (weapon)
   (You found it on level 5 of the Dungeon)
 J - a +0 broad axe
   (You took it off Maggie on level 6 of the Dungeon)
Armour
 c - a +0 kite shield (worn)
 i - a +0 pair of gloves (worn)
   (You found it on level 1 of the Dungeon)
 A - the +6 chain mail of the Burgomaster (worn) {Str+4 Dex+6}
   (You found it on level 4 of the Dungeon)

   It affects your strength (+4).
   It affects your dexterity (+6).
 B - a +0 cloak (worn)
   (You found it on level 1 of the Dungeon)
 D - a +1 chain mail of poison resistance
   (You took it off Duvessa on level 5 of the Dungeon)
Jewellery
 f - an uncursed ring of protection from fire
   (You found it on level 3 of the Dungeon)
 K - a +6 ring of dexterity (right hand)
   (You found it on level 6 of the Dungeon)
Wands
 p - a wand of iceblast (12)
   (You found it on level 5 of the Dungeon)
Scrolls
 o - 2 scrolls of fog
 t - a scroll of teleportation
 x - 2 scrolls of remove curse
 y - a scroll of magic mapping
 M - a scroll of immolation
Potions
 a - a potion of brilliance {unknown}
 d - 2 potions of might
 g - a potion of degeneration {unknown}
 h - 2 potions of haste
 j - a potion of invisibility {unknown}
 s - a potion of berserk rage {unknown}
 u - a potion of flight
 w - a potion of heal wounds {unknown}
 z - a potion of ambrosia {unknown}
 F - 2 potions of lignification
 H - a potion of resistance {unknown}
 I - a potion of mutation {unknown}
Comestibles
 b - 2 chunks of flesh
 e - 11 rations


   Skills:
 + Level 7.9(12.9) Fighting
 * Level 10.1(15.1) Axes
 + Level 7.7(12.7) Armour
 + Level 7.8(12.8) Shields
 + Level 4.9 Invocations


You had 8 spell levels left.
You didn't know any spells.
Your spell library was empty.

Dungeon Overview and Level Annotations

Branches:
Dungeon (7/15)             Temple (1/1) D:6          Bailey (1/1)

Altars:
Ashenzari
Cheibriados
Dithmenos
Elyvilon
Fedhas
Gozag
Hepliaklqana
Kikubaaqudgha
Makhleb
Nemelex Xobeh
Okawaru
Qazlal
Ru
Sif Muna
Trog
Uskayaw
Wu Jian
Xom
Yredelemnul
Zin
The Shining One

Annotations:
D:4 3 runed translucent doors, Flogoulo's ghost, novice TrCK; PIKKUHERKKO's ghost, amateur HOMo


Innate Abilities, Weirdness & Mutations

You reflexively headbutt those who attack you in melee.
You have a pair of horns on your head.


Message History

* * * LOW HITPOINT WARNING * * *
You gain the combat prowess of a mighty hero.
You block the orc warrior's attack. The centaur hits you with a +0 halberd.
* * * LOW HITPOINT WARNING * * *
The orc hits you but does no damage.
You feel better. The centaur barely misses you.
You block the orc warrior's attack. You block the orc's attack.
Okay, then.
You slash the centaur!
The centaur is severely wounded.
The centaur barely misses you. You furiously retaliate!
You headbutt the centaur!
You kill the centaur!
Okawaru accepts your kill. The orc warrior closely misses you.
An orc warrior comes into view. It is wielding a +0 spear.
The orc misses you.
Unknown command.
The orc warrior hits you with a +0 trident!
You die...

#################
≈≈≈≈≈≈≈≈≈≈≈≈≈≈≈≈≈#
≈≈≈≈≈≈≈≈≈≈≈≈≈≈≈≈≈≈
≈≈≈≈.......≈≈≈≈≈≈≈≈
≈≈..≈≈≈.≈≈≈..≈≈≈≈≈≈
..≈≈≈..)..≈≈≈..≈≈≈≈
≈≈≈.....@o..≈≈≈.≈≈≈≈
≈.....≈≈≈o....≈.≈≈≈≈
≈.⌠..≈≈)≈≈..⌠.≈≈.≈≈≈
.....≈≈≈≈≈.....≈.≈≈≈
....≈≈≈≈≈≈≈....≈≈.≈≈
....≈≈≈≈≈≈≈.....≈.≈≈
....≈≈≈:≈≈≈(....≈.≈≈
o...≈≈≈?≈≈≈.)...≈.≈≈
....≈≈≈:≈≈≈.(...≈.≈≈


You could see an orc warrior and an orc.

Vanquished Creatures
  Maggie (D:6)
  Duvessa (D:5)
  7 orc warriors (Bailey)
  2 ice beasts
  3 ogres
  3 phantoms
  5 centaurs
  A bullfrog (D:6)
  6 scorpions
  Dowan (D:5)
  2 howler monkeys
  A crimson imp (D:7)
  A bullfrog zombie (D:5)
  2 hounds (D:5)
  A jelly (D:6)
  A bullfrog skeleton (D:5)
  A centaur skeleton (D:6)
  An orc priest (D:6)
  2 orc wizards
  An iguana (D:7)
  Terence (D:2)
  5 worker ants
  A hound skeleton (D:6)
  A hound zombie (D:6)
  7 adders
  3 gnolls (D:3)
  2 oozes
  An adder skeleton (D:5)
  3 worms
  2 dart slugs (D:1)
  5 leopard geckos
  34 orcs
  5 bats
  5 giant cockroaches
  15 goblins
  10 hobgoblins
  5 jackals
  9 ball pythons
  6 frilled lizards
  8 kobolds
  7 rats
178 creatures vanquished.

Vanquished Creatures (others)
  5 withered plants (D:4)
5 creatures vanquished.

Grand Total: 183 creatures vanquished

Notes
Turn   | Place    | Note
-------+----------+-------------------------------------------
     0 | D:1      | Flugslaktarn the Minotaur Fighter began the quest for the
                  | Orb.
     0 | D:1      | Reached XP level 1. HP: 19/19 MP: 0/0
    99 | D:1      | Reached XP level 2. HP: 18/27 MP: 1/1
   230 | D:1      | Reached skill level 3 in Axes
   768 | D:1      | Reached XP level 3. HP: 33/33 MP: 2/2
   859 | D:2      | Noticed Terence
   865 | D:2      | Killed Terence
   942 | D:2      | Found a sparkling altar of Nemelex Xobeh.
   963 | D:2      | Reached XP level 4. HP: 40/40 MP: 3/3
  1084 | D:2      | Reached skill level 4 in Axes
  1838 | D:2      | Found a glowing silver altar of Zin.
  2181 | D:3      | Noticed a phantom
  2192 | D:3      | Killed a phantom
  2192 | D:3      | Reached XP level 5. HP: 30/47 MP: 4/4
  2418 | D:3      | Found an iron altar of Okawaru.
  2437 | D:3      | Reached skill level 5 in Axes
  2442 | D:3      | Became a worshipper of Warmaster Okawaru
  2614 | D:3      | Reached XP level 6. HP: 49/55 MP: 5/5
  2831 | D:4      | Found a runed translucent gate.
  2831 | D:4      | Found a runed translucent gate.
  2831 | D:4      | Found a runed translucent gate.
  2834 | D:4      | Noticed PIKKUHERKKO's ghost (amateur HOMo)
  2834 | D:4      | Noticed Flogoulo's ghost (novice TrCK)
  2889 | D:4      | Reached skill level 5 in Fighting
  2889 | D:4      | Reached skill level 5 in Shields
  2889 | D:4      | Reached skill level 1 in Invocations
  2900 | D:4      | Reached skill level 5 in Armour
  3226 | D:4      | Reached * piety under Okawaru
  3226 | D:4      | Reached skill level 6 in Axes
  3226 | D:4      | Reached XP level 7. HP: 43/61 MP: 7/7
  3915 | D:4      | Got a heavily runed chain mail
  3926 | D:4      | Identified the +6 chain mail of the Burgomaster {Str+4
                  | Dex+6} (You found it on level 4 of the Dungeon)
  4011 | D:5      | Entered Level 5 of the Dungeon
  4111 | D:5      | Found a shimmering blue altar of Sif Muna.
  4527 | D:5      | Noticed Duvessa
  4538 | D:5      | Noticed Dowan
  4542 | D:5      | Killed Dowan
  4555 | D:5      | Killed Duvessa
  4555 | D:5      | Reached skill level 7 in Axes
  4555 | D:5      | Reached XP level 8. HP: 43/70 MP: 8/8
  5041 | D:6      | Found a shattered altar of Ashenzari.
  5056 | D:6      | Reached ** piety under Okawaru
  5056 | D:6      | Reached skill level 8 in Axes
  5246 | D:6      | Noticed Maggie
  5256 | D:6      | Killed Maggie
  5281 | D:6      | Reached XP level 9. HP: 78/78 MP: 10/10
  5319 | D:6      | Reached skill level 9 in Axes
  5472 | D:6      | Found a staircase to the Ecumenical Temple.
  5486 | Temple   | Entered the Ecumenical Temple
  5876 | D:7      | Found a shadowy altar of Dithmenos.
  6119 | D:7      | Found a flagged portal.
  6132 | Bailey   | Entered a bailey
  6278 | Bailey   | Reached *** piety under Okawaru
  6737 | Bailey   | Reached skill level 10 in Axes
  6754 | Bailey   | HP: 1/81 [centaur/+0 halberd (6)]
  6757 | Bailey   | Slain by an orc warrior

Illustrated notes

Levels and vault maps discovered:
D:1:      dpeg_arrival_arbitrary_c, layout_loops_ring
D:2:      layout_basic, zin_statuary, old_standard_altar,
          minmay_shallow_snake_nest, uniq_terence
D:3:      layout_loops_cross, okawaru_trees_2
D:4:      layout_loops_cross, first_ration, gammafunk_ghost_cemetery,
          minmay_bisected
D:5:      layout_basic, lemuel_round_altar, kennysheep_dice, uniq_duvessa
D:6:      layout_gridville, cheibrodos_ashenzari_chains,
          minmay_temple_entry_water_ring, uniq_maggie
D:7:      layout_loops_cross, nicolae_overflow_crystal_walls, enter_bailey_3,
          grunt_ministairs_11, grunt_ogre_cave
Temple:   regret_index_temple_waves
Bailey:   bailey_polearm_flooded_kennysheep, bailey

Skill      XL: |  1  2  3  4  5  6  7  8  9 |
---------------+----------------------------+-----
Axes           | 3 4 5 6 7 8 10 | 10.1
Fighting       | 4 5 6 7 |  7.9
Armour         | 4 5 6 7 |  7.7
Shields        | 4 5 6 7 |  7.8
Invocations    | 1 2 3 4 |  4.9

Action                   |  1- 3 |  4- 6 |  7- 9 || total
-------------------------+-------+-------+-------++-------
Melee: War axe           |    60 |   154 |   232 ||   446
       Headbutt          |     7 |    25 |    59 ||    91
Invok: Heroism           |       |       |     1 ||     1
  Use: Scroll            |       |       |    13 ||    13
       Potion            |       |       |     3 ||     3
  Eat: Chunk             |       |     7 |    12 ||    19
Armor: Scale mail        |    33 |    66 |     9 ||   108
       Chain mail        |       |       |   136 ||   136
Dodge: Dodged            |     9 |    44 |    67 ||   120
Block: Kite shield       |    30 |    69 |   181 ||   280

Table legend:
 A = Non-vault XP
 B = Vault XP
 C = Vault XP percentage of total XP
 D = Non-vault monster count
 E = Vault monster count
 F = Vault count percentage of total count
                 A         B        C        D         E       F
            +---------+---------+-------+---------+---------+-------
      Total |    2305 |    2583 |  52.8 |     125 |      53 |  29.8
            +---------+---------+-------+---------+---------+-------
        D:1 |      41 |       0 |   0.0 |      20 |       0 |   0.0
        D:2 |      54 |      60 |  52.6 |      21 |       9 |  30.0
        D:3 |     241 |       0 |   0.0 |      29 |       0 |   0.0
        D:4 |     286 |     255 |  47.1 |      16 |       5 |  23.8
        D:5 |     601 |     394 |  39.6 |      15 |       5 |  25.0
        D:6 |     873 |     428 |  32.9 |      21 |       1 |   4.5
        D:7 |     209 |       8 |   3.7 |       3 |       4 |  57.1
     Bailey |       0 |    1438 | 100.0 |       0 |      29 | 100.0
            +---------+---------+-------+---------+---------+-------
